[gd_scene load_steps=10 format=2]

[ext_resource path="res://tools/Tool.tscn" type="PackedScene" id=1]
[ext_resource path="res://tools/umbrella/sprites/umbrella.png" type="Texture" id=2]
[ext_resource path="res://tools/umbrella/sprites/strings.png" type="Texture" id=3]
[ext_resource path="res://tools/umbrella/Umbrella.gd" type="Script" id=4]
[ext_resource path="res://tools/umbrella/sprites/sitting.png" type="Texture" id=5]
[ext_resource path="res://tools/umbrella/sfx/happy.wav" type="AudioStream" id=6]

[sub_resource type="RectangleShape2D" id=1]
extents = Vector2( 19.5623, 10.2281 )

[sub_resource type="Animation" id=2]
length = 2.0
loop = true
tracks/0/type = "bezier"
tracks/0/path = NodePath("Sprite:position:x")
tracks/0/interp = 1
tracks/0/loop_wrap = true
tracks/0/imported = false
tracks/0/enabled = true
tracks/0/keys = {
"points": PoolRealArray( 0, -0.25, 0, 0.25, 0, -4.954, -0.25, 0, 0.25, 0, 0, -0.25, 0, 0.25, 0, 7.52079, -0.25, 0, 0.25, 0, 0, -0.25, 0, 0.25, 0 ),
"times": PoolRealArray( 0, 0.5, 1, 1.5, 2 )
}
tracks/1/type = "bezier"
tracks/1/path = NodePath("Sprite:position:y")
tracks/1/interp = 1
tracks/1/loop_wrap = true
tracks/1/imported = false
tracks/1/enabled = true
tracks/1/keys = {
"points": PoolRealArray( 0, -0.25, 0, 0.25, 0, 0, -0.25, 0, 0.25, 0, 0, -0.25, 0, 0.25, 0, 0, -0.25, 0, 0.25, 0, 0, -0.25, 0, 0.25, 0 ),
"times": PoolRealArray( 0, 0.5, 1, 1.5, 2 )
}
tracks/2/type = "bezier"
tracks/2/path = NodePath("Sprite:rotation_degrees")
tracks/2/interp = 1
tracks/2/loop_wrap = true
tracks/2/imported = false
tracks/2/enabled = true
tracks/2/keys = {
"points": PoolRealArray( 0, -0.25, 0, 0.25, 0, -7.13891, -0.59, 0.083302, 0.168328, 0.778866, 0, -0.25, 0, 0.25, 0, 8.6, 0, 0.480064, 0.26, 0.723071, 0, -0.25, 0, 0.25, 0 ),
"times": PoolRealArray( 0, 0.6, 1, 1.5, 2 )
}
tracks/3/type = "bezier"
tracks/3/path = NodePath("Sprite:scale:x")
tracks/3/interp = 1
tracks/3/loop_wrap = true
tracks/3/imported = false
tracks/3/enabled = true
tracks/3/keys = {
"points": PoolRealArray( 1, -0.25, 0, 0.25, 0, 1, -0.25, 0, 0.25, 0, 1, -0.25, 0, 0.25, 0 ),
"times": PoolRealArray( 0, 1, 2 )
}
tracks/4/type = "bezier"
tracks/4/path = NodePath("Sprite:scale:y")
tracks/4/interp = 1
tracks/4/loop_wrap = true
tracks/4/imported = false
tracks/4/enabled = true
tracks/4/keys = {
"points": PoolRealArray( 1, -0.25, 0, 0.25, 0, 1, -0.25, 0, 0.25, 0, 1, -0.25, 0, 0.25, 0 ),
"times": PoolRealArray( 0, 1, 2 )
}
tracks/5/type = "bezier"
tracks/5/path = NodePath("Umbrellastrings:position:x")
tracks/5/interp = 1
tracks/5/loop_wrap = true
tracks/5/imported = false
tracks/5/enabled = true
tracks/5/keys = {
"points": PoolRealArray( 1.07318, -0.25, 0, 0.25, 0, 0.208, -0.25, 0, 0.25, 0, 3.26, -0.25, 0, 0.25, 0 ),
"times": PoolRealArray( 0, 0.6, 1.5 )
}
tracks/6/type = "bezier"
tracks/6/path = NodePath("Umbrellastrings:position:y")
tracks/6/interp = 1
tracks/6/loop_wrap = true
tracks/6/imported = false
tracks/6/enabled = true
tracks/6/keys = {
"points": PoolRealArray( 6.43915, -0.25, 0, 0.25, 0, 6.439, -0.25, 0, 0.25, 0, 6.439, -0.25, 0, 0.25, 0 ),
"times": PoolRealArray( 0, 0.6, 1.5 )
}
tracks/7/type = "bezier"
tracks/7/path = NodePath("Umbrellastrings:rotation_degrees")
tracks/7/interp = 1
tracks/7/loop_wrap = true
tracks/7/imported = false
tracks/7/enabled = true
tracks/7/keys = {
"points": PoolRealArray( 0, -0.25, 0, 0.25, 0, -4.5, -0.25, 0, 0.25, 0, 0, -0.25, 0, 0.25, 0, 6.3, -0.25, 0, 0.25, 0, 0, -0.25, 0, 0.25, 0 ),
"times": PoolRealArray( 0, 0.6, 1, 1.5, 2 )
}
tracks/8/type = "bezier"
tracks/8/path = NodePath("Umbrellastrings:scale:x")
tracks/8/interp = 1
tracks/8/loop_wrap = true
tracks/8/imported = false
tracks/8/enabled = true
tracks/8/keys = {
"points": PoolRealArray( 1, -0.25, 0, 0.25, 0 ),
"times": PoolRealArray( 0 )
}
tracks/9/type = "bezier"
tracks/9/path = NodePath("Umbrellastrings:scale:y")
tracks/9/interp = 1
tracks/9/loop_wrap = true
tracks/9/imported = false
tracks/9/enabled = true
tracks/9/keys = {
"points": PoolRealArray( 1, -0.25, 0, 0.25, 0 ),
"times": PoolRealArray( 0 )
}
tracks/10/type = "value"
tracks/10/path = NodePath("Sprite:texture")
tracks/10/interp = 1
tracks/10/loop_wrap = true
tracks/10/imported = false
tracks/10/enabled = true
tracks/10/keys = {
"times": PoolRealArray( 0 ),
"transitions": PoolRealArray( 1 ),
"update": 1,
"values": [ ExtResource( 2 ) ]
}

[sub_resource type="Animation" id=3]
length = 1.5
tracks/0/type = "bezier"
tracks/0/path = NodePath("Umbrellastrings:rotation_degrees")
tracks/0/interp = 1
tracks/0/loop_wrap = true
tracks/0/imported = false
tracks/0/enabled = true
tracks/0/keys = {
"points": PoolRealArray( 0, -0.25, 0, 0.25, 0 ),
"times": PoolRealArray( 0 )
}
tracks/1/type = "bezier"
tracks/1/path = NodePath("Umbrellastrings:position:x")
tracks/1/interp = 1
tracks/1/loop_wrap = true
tracks/1/imported = false
tracks/1/enabled = true
tracks/1/keys = {
"points": PoolRealArray( 0.0250036, -0.25, 0, 0.25, 0, 0.412424, -0.25, 0, 0.25, 0, 0, -0.25, 0, 0.25, 0 ),
"times": PoolRealArray( 0, 0.4, 1.5 )
}
tracks/2/type = "bezier"
tracks/2/path = NodePath("Umbrellastrings:position:y")
tracks/2/interp = 1
tracks/2/loop_wrap = true
tracks/2/imported = false
tracks/2/enabled = true
tracks/2/keys = {
"points": PoolRealArray( 0.287998, -0.25, 0, 0.25, 0, 5.32449, -0.25, 0, 0.25, 0, 0, -0.25, 0, 0.25, 0 ),
"times": PoolRealArray( 0, 0.4, 1.5 )
}
tracks/3/type = "bezier"
tracks/3/path = NodePath("Umbrellastrings:scale:x")
tracks/3/interp = 1
tracks/3/loop_wrap = true
tracks/3/imported = false
tracks/3/enabled = true
tracks/3/keys = {
"points": PoolRealArray( 0.05, -0.25, 0, 0.25, 0, 1, -0.25, 0, 0.25, 0 ),
"times": PoolRealArray( 0, 0.4 )
}
tracks/4/type = "bezier"
tracks/4/path = NodePath("Umbrellastrings:scale:y")
tracks/4/interp = 1
tracks/4/loop_wrap = true
tracks/4/imported = false
tracks/4/enabled = true
tracks/4/keys = {
"points": PoolRealArray( 0.05, -0.25, 0, 0.25, 0, 1, -0.25, 0, 0.25, 0 ),
"times": PoolRealArray( 0, 0.4 )
}
tracks/5/type = "bezier"
tracks/5/path = NodePath("Sprite:scale:x")
tracks/5/interp = 1
tracks/5/loop_wrap = true
tracks/5/imported = false
tracks/5/enabled = true
tracks/5/keys = {
"points": PoolRealArray( 0.05, -0.25, 0, 0.25, 0, 1, -0.224767, -0.193935, 0.168619, 0.422807, 1.50369, -0.127645, -0.146603, 0.25, 0, 1, -0.25, 0, 0.200026, 0.0829046, 1.19718, -0.12969, -0.00987577, 0.25, 0, 1, -0.25, 0, 0.25, 0 ),
"times": PoolRealArray( 0, 0.4, 0.6, 0.9, 1.1, 1.4 )
}
tracks/6/type = "bezier"
tracks/6/path = NodePath("Sprite:scale:y")
tracks/6/interp = 1
tracks/6/loop_wrap = true
tracks/6/imported = false
tracks/6/enabled = true
tracks/6/keys = {
"points": PoolRealArray( 0.05, -0.25, 0, 0.285986, 0.143577, 1.00658, -0.231472, -0.237915, 0.16993, 0.379549, 1.5, -0.106674, -0.0439885, 0.241617, 0.034631, 1, -0.24121, -0.0549989, 0.179598, 0.0434012, 1.19295, -0.113347, 0.0112866, 0.25, 0, 1, -0.25, 0, 0.25, 0 ),
"times": PoolRealArray( 0, 0.4, 0.6, 0.9, 1.1, 1.4 )
}
tracks/7/type = "bezier"
tracks/7/path = NodePath("Sprite:position:x")
tracks/7/interp = 1
tracks/7/loop_wrap = true
tracks/7/imported = false
tracks/7/enabled = true
tracks/7/keys = {
"points": PoolRealArray( 0, -0.25, 0, 0.25, 0 ),
"times": PoolRealArray( 0 )
}
tracks/8/type = "bezier"
tracks/8/path = NodePath("Sprite:position:y")
tracks/8/interp = 1
tracks/8/loop_wrap = true
tracks/8/imported = false
tracks/8/enabled = true
tracks/8/keys = {
"points": PoolRealArray( 0, -0.25, 0, 0.25, 0 ),
"times": PoolRealArray( 0 )
}
tracks/9/type = "value"
tracks/9/path = NodePath("Sprite:texture")
tracks/9/interp = 1
tracks/9/loop_wrap = true
tracks/9/imported = false
tracks/9/enabled = true
tracks/9/keys = {
"times": PoolRealArray( 0 ),
"transitions": PoolRealArray( 1 ),
"update": 1,
"values": [ ExtResource( 2 ) ]
}
tracks/10/type = "value"
tracks/10/path = NodePath("Umbrellastrings:visible")
tracks/10/interp = 1
tracks/10/loop_wrap = true
tracks/10/imported = false
tracks/10/enabled = true
tracks/10/keys = {
"times": PoolRealArray( 0 ),
"transitions": PoolRealArray( 1 ),
"update": 1,
"values": [ true ]
}

[node name="Umbrella" instance=ExtResource( 1 )]
script = ExtResource( 4 )
tool_name = "Umbrella"
fall_modifier = 0.1

[node name="Umbrellastrings" type="Sprite" parent="." index="0"]
visible = false
position = Vector2( 0.0250036, 0.287998 )
scale = Vector2( 0.05, 0.05 )
texture = ExtResource( 3 )

[node name="Sprite" parent="." index="1"]
position = Vector2( 0, 0 )
texture = ExtResource( 5 )

[node name="CollisionShape2D" parent="ActiveArea" index="0"]
shape = SubResource( 1 )

[node name="AnimationPlayer" type="AnimationPlayer" parent="." index="3"]
anims/float = SubResource( 2 )
anims/inflate = SubResource( 3 )

[node name="happy" type="AudioStreamPlayer" parent="TriggerPlayers" index="0"]
stream = ExtResource( 6 )
